 Dungeon Crawl Stone Soup version 0.17.0-8-gb983d21 (webtiles) character file.

47 JudasIscariot the Ducker (level 3, -1/36 HPs)
             Began as a Troll Berserker on Nov 8, 2015.
             Was a Believer of Trog.
             Slain by Crazy Yiuf
             ... wielding a +2 quarterstaff of chaos
              (8 damage)
             ... on level 2 of the Dungeon.
             The game lasted 00:04:17 (1020 turns).

JudasIscariot the Ducker (Troll Berserker)          Turns: 1020, Time: 00:04:17

Health: -1/36      AC:  5    Str: 26    XL:     3   Next: 48%
Magic:  0/2        EV: 10    Int:  3    God:    Trog [**....]
Gold:   30         SH:  0    Dex:  9    Spells: 0 memorised, 2 levels left

rFire  . . .     SeeInvis .     a - +0 mace
rCold  . . .     Clarity  .     m - +0 robe
rNeg   . . .     SustAt   .     (no shield)
rPois  .         Gourm    +     (helmet restricted)
rElec  .         Spirit   .     (no cloak)
rCorr  .         Warding  .     (gloves unavailable)
rMut   .         Rnd*Tele +     (boots unavailable)
MR     ++...                    (no amulet)
Stlth  +.........               (no ring)
                                j - ring of teleportation (curse)

@: lethally poisoned (-1 -> -1), very slightly contaminated, regenerating,
invisible, very resistant to hostile enchantments, very unstealthy
A: unfitting armour, claws 3, fast metabolism 3, gourmand, regeneration 2,
shaggy fur 1, tough skin 2
a: Berserk, Trog's Hand, Burn Spellbooks, Renounce Religion, Evoke Teleportation


You were on level 2 of the Dungeon.
You worshipped Trog.
Trog was pleased with you.
You were completely stuffed.

You visited 1 branch of the dungeon, and saw 2 of its levels.

You collected 30 gold pieces.

Inventory:

Hand Weapons
 a - a +0 mace (weapon)
Armour
 b - a +0 animal skin
 m - a +0 robe (worn)
Jewellery
 j - a cursed ring of teleportation (left claw)
Scrolls
 g - a scroll of identify
 i - a scroll of magic mapping {unknown}
Potions
 d - a potion of heal wounds
 e - a potion of magic {unknown}
 k - a potion of brilliance {unknown}
 n - 2 potions of might {unknown}
Comestibles
 c - 2 bread rations
 f - a slice of pizza
 h - a meat ration
 l - 8 chunks of flesh


   Skills:
 * Level 2.9 Fighting
 * Level 3.0 Maces & Flails
 * Level 3.1 Dodging


You had 2 spell levels left.
You didn't know any spells.

Dungeon Overview and Level Annotations

Branches:
Dungeon (2/15)

Altars:

Annotations:
D:1 1 exclusion
D:2 Crazy Yiuf


Innate Abilities, Weirdness & Mutations

You are too large for most types of armour.
You have claws for hands.
Your metabolism is lightning-fast.
You like to eat raw meat.
You heal very quickly.
You are covered in fur (AC +1).
You have very tough skin (AC +2).


Message History

You hit Crazy Yiuf but do no damage.
Crazy Yiuf is moderately wounded.
You feel sick.
Crazy Yiuf hits you with a quarterstaff of chaos.
You fade into invisibility!
You are very lightly contaminated with residual magic.
You barely miss Crazy Yiuf.
Crazy Yiuf is moderately wounded.
You feel sick.
Crazy Yiuf hits you with a quarterstaff of chaos.
* * * LOW HITPOINT WARNING * * *
Your skin crawls.
You feel resistant to hostile enchantments.
You feel slightly less full.
You feel sick. Crazy Yiuf closely misses you.
You catch the helpless Crazy Yiuf completely off-guard!
You hit Crazy Yiuf but do no damage.
Crazy Yiuf is moderately wounded.
You feel sick.
Crazy Yiuf hits you with a quarterstaff of chaos!
You die...

##...#
#.###....#
.....#####.#
##..##
...........#
#PPP.#
.......#####
#...##
>......#
##.##
##..).##
#.## #....#
##.# ##.#.#
#.## ....#
##@# .#.###
### #g# #.#
... #..# #.#
#...# #..#
#.# #..)#
#..# #.#
##### #..#
#.# #..#
#.########
#..#
#........#


You could see Crazy Yiuf.

Vanquished Creatures
  A gnoll (D:1)
  An ooze (D:1)
  2 giant geckos (D:1)
  4 bats
  5 goblins (D:1)
  5 hobgoblins
  4 giant newts
  3 jackals (D:2)
  3 kobolds
  A rat (D:1)
29 creatures vanquished.

Notes
Turn   | Place    | Note
--------------------------------------------------------------
     0 | D:1      | JudasIscariot the Troll Berserker began the quest for the Orb.
     0 | D:1      | Reached XP level 1. HP: 22/22 MP: 0/0
   246 | D:1      | Reached XP level 2. HP: 26/29 MP: 1/1
   461 | D:1      | Reached skill level 3 in Dodging
   461 | D:1      | Reached XP level 3. HP: 23/36 MP: 2/2
   557 | D:1      | Reached ** piety under Trog
  1008 | D:2      | Noticed Crazy Yiuf
  1020 | D:2      | Slain by Crazy Yiuf

Action                   || total
-------------------------++-------
Melee: Mace              ||   112
Invok: Trog's Hand       ||     1
  Use: Scroll            ||     4
 Stab: Invisible         ||     1
  Eat: Chunk             ||    15
